 Dungeon Crawl Stone Soup version 0.31-a0-818-ge7c7cf74f0 (webtiles) character file.

Game seed: 13771366641895833267

59342 freelancePsychic the Warrior (level 14, -18/144 HPs)
             Began as a Minotaur Conjurer on Sept 22, 2023.
             Was an Elder of Lugonu.
             Demolished by an enormous slime creature (25 damage)
             ... on level 15 of the Dungeon.
             The game lasted 00:36:31 (20965 turns).

freelancePsychic the Warrior (Minotaur Conjurer)   Turns: 20965, Time: 00:36:31

Health: -18/144    AC: 34    Str: 17    XL:     14   Next: 52%
Magic:  23/23      EV:  8    Int: 14    God:    Lugonu [****..]
Gold:   1221       SH:  0    Dex: 12    Spells: 12/15 levels left

rFire   + . .        w - +0 demon whip (venom)
rCold   + . .        (no shield)
rNeg    . . .        G - +5 crystal plate armour {rC+}
rPois   +            (helmet unavailable)
rElec   .            a - +1 cloak
rCorr   .            V - +0 pair of gloves
SInv    .            Z - +2 pair of boots
Will    ++...        i - amulet of regeneration Stlth
                     C - +5 ring of evasion
HPRegen 1.24/turn    M - ring "Vefryer" {rPois rF+ Will+}
MPRegen 0.18/turn

%: no passive effects
@: no status effects
A: horns 3, retaliatory headbutt, strong 1
a: Renounce Religion, Depart the Abyss, Banish, Corrupt


You were on level 15 of the Dungeon.
You worshipped Lugonu.
Lugonu was greatly pleased with you.
You visited 3 branches of the dungeon, and saw 21 of its levels.
You visited the Abyss 2 times.
You also visited: Gauntlet and Ice Cave.

You collected 1221 gold pieces.

Inventory:

Hand Weapons
 w - a +0 demon whip of venom (weapon)
Missiles
 t - a throwing net
Armour
 a - a +1 cloak (worn)
 D - a scarf of resistance
 G - a +5 crystal plate armour of cold resistance (worn)
 N - a +0 pair of boots of flying
 V - a +0 pair of gloves (worn)
 Z - a +2 pair of boots (worn)
Jewellery
 e - a ring of wizardry
 i - an amulet of regeneration (around neck)
 m - a ring of ice
 n - a ring of resist corrosion
 p - an amulet of reflection
 s - a +6 ring of intelligence
 z - the ring "Tado" {Drain Fly rPois rC+ Int+6}
   (You found it in a Gauntlet)

   [ring of flight]

   Int+6:     It affects your intelligence (+6).
   rC+:       It protects you from cold.
   rPois:     It protects you from poison Fly: It grants you flight.
   Drain:     It drains your maximum health when unequipped.
 C - a +5 ring of evasion (left hand)
 M - the ring "Vefryer" (right hand) {rPois rF+ Will+}
   (You found it in a Gauntlet)

   [ring of protection from fire]

   rF+:       It protects you from fire.
   rPois:     It protects you from poison Will+: It increases your willpower.
 O - a +6 ring of strength
 U - an amulet of the acrobat
 W - a ring of flight
Wands
 u - a wand of light (4)
 A - a wand of charming (23)
 F - a wand of digging (15)
 H - a wand of roots (14)
 J - a wand of flame (39)
 S - a wand of mindburst (7)
Scrolls
 c - 3 scrolls of amnesia
 d - 7 scrolls of noise
 j - 8 scrolls of teleportation {@r4}
 k - a scroll of summoning
 l - a scroll of poison
 o - 10 scrolls of identify {@r1}
 q - 2 scrolls of fog
 x - 2 scrolls of silence
 y - a scroll of immolation
 B - 2 scrolls of torment
 K - 2 scrolls of fear
 L - a scroll of brand weapon
 R - 4 scrolls of blinking
 T - 2 scrolls of vulnerability
Potions
 b - a potion of magic
 f - 5 potions of brilliance
 g - a potion of haste {@q3}
 h - 2 potions of attraction
 v - 3 potions of mutation
 E - 5 potions of curing {@q1}
 I - 5 potions of enlightenment
 P - a potion of might
 Q - 2 potions of heal wounds {@q2}
 Y - a potion of lignification
Miscellaneous
 r - a condenser vane
 X - a lightning rod (4/4)


   Skills:
 + Level 18.4 Fighting
 - Level 12.2 Maces & Flails
 + Level 12.5 Armour
 - Level 2.1 Dodging
 - Level 1.5 Stealth
 - Level 1.3 Spellcasting
 - Level 2.9 Conjurations
 + Level 14.6 Invocations


You had 12 spell levels left.
You knew the following spells:

 Your Spells              Type           Power      Damage    Failure   Level
a - Magic Dart            Conj           36%        1d4       100%        1
b - Searing Ray           Conj           18%        2d5       100%        2

Your spell library contained the following spells:

 Spells                   Type           Power      Damage    Failure   Level
 Kiss of Death            Conj/Necr      20%        2d7       100%        1
 Necrotise                Necr           0%         1d4       100%        1
 Summon Small Mammal      Summ           0%         N/A       100%        1
 Ensorcelled Hibernation  Hex/Ice        0%         N/A       100%        2
 Jinxbite                 Hex            0%         N/A       100%        2
 Lesser Beckoning         Tloc           0%         N/A       100%        2
 Scorch                   Fire           0%         2d5       100%        2
 Call Canine Familiar     Summ           0%         N/A       100%        3
 Confusing Touch          Hex            0%         N/A       100%        3
 Dazzling Flash           Conj/Hex       10%        N/A       100%        3
 Gell's Gravitas          Tloc           0%         N/A       100%        3
 Hailstorm                Conj/Ice       5%         3d4       100%        3
 Summon Guardian Golem    Hex/Summ       0%         N/A       100%        3
 Teleport Other           Tloc           0%         N/A       100%        3
 Vampiric Draining        Necr           0%         2d6       100%        3
 Volatile Blastmotes      Fire/Tloc      0%         2d10      100%        3
 Anguish                  Hex/Necr       0%         N/A       100%        4
 Dispel Undead            Necr           0%         3d6       100%        4
 Flame Wave               Conj/Fire      5%         2d5       100%        4
 Fulminant Prism          Conj/Hex       2%         3d5       100%        4
 Iskenderun's Mystic Bla  Conj/Tloc      5%         2d3       100%        4
 Olgreb's Toxic Radiance  Pois           0%         N/A       100%        4
 Summon Ice Beast         Ice/Summ       0%         N/A       100%        4
 Agony                    Necr           0%         N/A       100%        5
 Summon Mana Viper        Hex/Summ       0%         N/A       100%        5
 Simulacrum               Ice/Necr       0%         N/A       100%        6
 Summon Cactus Giant      Summ           0%         N/A       100%        6
 Monstrous Menagerie      Summ           0%         N/A       100%        7
 Discord                  Hex            0%         N/A       100%        8
 Ignition                 Fire           0%         3d3       100%        8


Dungeon Overview and Level Annotations

Branches:
Dungeon (15/15)            Temple (1/1) D:4            Lair (5/5) D:9
 Shoals (0/4) Lair:3       Spider (0/4) Lair:2        Slime (0/5) Lair:5
    Orc (0/2) D:12         Vaults (0/5) D:13         Depths (0/4) D:15
  IceCv (visited)         Gauntlet (visited)

Altars:
Ashenzari
Cheibriados
Dithmenos
Elyvilon
Fedhas
Gozag
Hepliaklqana
Kikubaaqudgha
Makhleb
Nemelex Xobeh
Okawaru
Qazlal
Ru
Sif Muna
Trog
Uskayaw
Vehumet
Wu Jian
Xom
Yredelemnul
Zin
The Shining One

Shops:
D:9 =

Annotations:
D:3 Pargi, Terence
D:8 2 transporters, randomguy2701's ghost, novice HOFi
D:13 2 transporters, corrupted
Lair:2 exclusion: oklob plant


Innate Abilities, Weirdness & Mutations

You have a pair of large horns on your head.
You reflexively headbutt those who attack you in melee.
Your muscles are strong. (Str +4, Int/Dex -1)


Message History

The enormous slime creature looks as sick as possible!
You headbutt the enormous slime creature!
The enormous slime creature is heavily wounded.
You whack the enormous slime creature!
The enormous slime creature looks as sick as possible!
Your headbutt misses the enormous slime creature.
The enormous slime creature is severely wounded.
The enormous slime creature hits you but does no damage.
The slime creature hits you but does no damage.
You barely miss the enormous slime creature.
You headbutt the enormous slime creature.
The enormous slime creature is severely wounded.
You hit the enormous slime creature but do no damage.
The enormous slime creature looks as sick as possible!
You headbutt the enormous slime creature!
The enormous slime creature is severely wounded.
The enormous slime creature hits you!!!
The slime creature hits you but does no damage.
You thrash the enormous slime creature!!
You headbutt the enormous slime creature!
The enormous slime creature is severely wounded.
You whack the enormous slime creature!
You headbutt the enormous slime creature, but do no damage.
The enormous slime creature is almost dead.
The slime creature hits you but does no damage.
The enormous slime creature hits you.
You whack the enormous slime creature!
The enormous slime creature is almost dead.
You hit the enormous slime creature.
Your headbutt misses the enormous slime creature.
The enormous slime creature is almost dead.
The slime creature hits you but does no damage.
The enormous slime creature hits you!!!
* * * LOW HITPOINT WARNING * * *
You whack the slime creature!
Your headbutt misses the slime creature.
The slime creature is moderately wounded.
The enormous slime creature attacks as it pursues you!
The enormous slime creature hits you!!
You die...

#####..# #.# ##########.#.###
.......###.# ###########.#.###
.....#.....###.#.J###D##.#.###***
####...##..#*...J.##...#...###,,,
# #....#..###.**,*,,,,*******,**
####.#.....##..##,,,,,,>**,,,,,*
#....#.##..##...##*,,,,***,******
#.####.##..####JJ#**,,,* *,* *,,,
#.##..........##@##**,** *,* *,**
#.####.#.#.#.##...##******,***,**
.........#...#.....#,,,,,,,,,,,,,
#.########...#.....#,#,,**,***,,,
#.# #.##...##.†.##.#,,,*,* ****
#.# #..<##..##†##..#,*,*,* *,,
#.# #.#####.##'#..#*,*,*,* *,*
#.#####.### #......#**,*,*,* *,*
#.........# ######## *,*,,,****,*


You could see an enormous slime creature (extremely poisoned) and a slime
creature.

Vanquished Creatures
  A minotaur (Gauntlet)
  A fire dragon (D:13)
  Josephine (Lair:4)
  Erolcha (D:9)
  2 hydras
  5 centaur warriors
  Erica (Lair:1)
  2 boulder beetles (D:13)
  4 two-headed ogres
  Amaemon (Lair:1)
  Nergalle (D:10)
  A skyshark (Lair:4)
  A lindwurm (Lair:5)
  A deep elf pyromancer (D:15)
  3 ugly things
  4 cyclopes
  2 manticores (D:14)
  14 elephants
  A water nymph (Lair:3)
  An orange demon (Lair:1)
  A torpor snail (Gauntlet)
  4 black mambas
  Maggie (D:10)
  An ice statue (Gauntlet)
  A gargoyle (D:11)
  A smoke demon (Gauntlet)
  3 unseen horrors
  6 cane toads
  3 freezing wraiths
  5 rime drakes
  5 komodo dragons
  3 efreet
  4 trolls
  A red devil (Gauntlet)
  A polar bear (Lair:4)
  A hornet (D:9)
  7 blink frogs
  A raiju (Gauntlet)
  10 flying skulls (Gauntlet)
  A centaur simulacrum (D:14)
  4 slime creatures (D:12)
  4 culicivoras (Lair:2)
  5 shadows
  10 wraiths
  4 wyverns
  3 dire elephant simulacra
  2 ynoxinuls (Abyss:1)
  43 yaks
  A steam dragon (Gauntlet)
  2 basilisks
  8 vampire mosquitoes
  A death yak simulacrum (IceCv)
  An acid dragon (D:11)
  A hydra simulacrum (Lair:4)
  9 water moccasins
  2 ice beasts
  A sky beast (D:7)
  5 orc warriors
  2 black bears (Lair:1)
  6 boggarts
  3 wolves (D:9)
  13 centaurs
  A kobold brigand (D:8)
  8 bullfrogs
  2 gnoll sergeants
  6 scorpions
  A cane toad simulacrum (IceCv)
  7 wights (D:8)
  A dream sheep simulacrum (Lair:4)
  2 killer bees (D:9)
  An electric eel (Lair:2)
  9 howler monkeys
  2 crimson imps (Gauntlet)
  3 hounds
  8 orc priests
  A sleepcap (D:7)
  3 gnoll boudas
  21 orc wizards
  3 iguanas
  A hell rat (Lair:5)
  A yak simulacrum (Lair:4)
  A polar bear simulacrum (Lair:4)
  Robin (D:3)
  27 gnolls
  5 adders
  A river rat (D:9)
  A white imp (D:7)
  An ufetubus (D:4)
  4 dart slugs
  54 orcs
  12 ball pythons
  4 endoplasms
  3 giant cockroaches
  12 goblins
  8 hobgoblins
  9 jackals
  A quokka (D:5)
  7 bats
  3 frilled lizards
  13 kobolds
  7 rats
493 creatures vanquished.

Vanquished Creatures (collateral kills)
  An orc warrior (D:9)
1 creature vanquished.

Vanquished Creatures (others)
  4 vault guards (D:13)
  A catoblepas (Gauntlet)
  A hydra (D:13)
  4 boulder beetles (D:13)
  2 centaur warriors (D:13)
  2 deep elf pyromancers (D:13)
  An ugly thing (D:13)
  A cyclops (D:13)
  2 gargoyles
  2 molten gargoyles (Gauntlet)
  An unseen horror (D:13)
  2 trolls (D:13)
  2 yaks (D:9)
  A slime creature (D:13)
  A shadow (D:13)
  An electric eel (D:9)
  An orc wizard (D:13)
  5 starspawn tentacles (D:13)
34 creatures vanquished.

Grand Total: 528 creatures vanquished

Notes
Turn   | Place    | Note
-------+----------+-------------------------------------------
     0 | D:1      | freelancePsychic the Minotaur Conjurer began the quest for
                  | the Orb.
     0 | D:1      | Reached XP level 1. HP: 14/14 MP: 1/1
   128 | D:1      | Reached skill level 1 in Fighting
   178 | D:1      | Reached skill level 2 in Fighting
   207 | D:1      | Reached XP level 2. HP: 24/24 MP: 0/3
   776 | D:1      | Reached skill level 3 in Fighting
   834 | D:1      | Learned a level 2 spell: Searing Ray
   955 | D:1      | Reached XP level 3. HP: 31/31 MP: 4/4
  1469 | D:2      | Found a shadowy altar of Dithmenos.
  1697 | D:1      | Reached skill level 4 in Fighting
  1930 | D:1      | Reached skill level 1 in Maces & Flails
  1930 | D:1      | Reached XP level 4. HP: 7/41 MP: 5/5
  2343 | D:3      | Noticed Terence
  2378 | D:3      | Noticed Pargi
  3023 | D:3      | Noticed Robin
  3051 | D:3      | Killed Robin
  3214 | D:4      | Noticed a scorpion
  3230 | D:4      | Killed a scorpion
  3231 | D:4      | Reached skill level 5 in Fighting
  3231 | D:4      | Reached XP level 5. HP: 33/48 MP: 1/6
  3556 | D:4      | Learned a level 2 spell: Searing Ray
  3564 | D:4      | Reached skill level 6 in Fighting
  3564 | D:4      | Reached XP level 6. HP: 57/57 MP: 1/7
  3700 | D:4      | Found a staircase to the Ecumenical Temple.
  3729 | Temple   | Entered the Ecumenical Temple
  3793 | Temple   | Became a worshipper of Elyvilon the Healer
  4199 | D:5      | Entered Level 5 of the Dungeon
  4226 | D:5      | Reached skill level 1 in Invocations
  4383 | D:5      | Reached * piety under Elyvilon
  4478 | D:5      | Reached skill level 5 in Maces & Flails
  4478 | D:5      | Reached XP level 7. HP: 33/64 MP: 8/8
  4683 | D:5      | Reached skill level 7 in Fighting
  5254 | D:6      | Reached ** piety under Elyvilon
  5350 | D:6      | Found an ornate altar of the Wu Jian Council.
  5415 | D:6      | Found a shimmering blue altar of Sif Muna.
  5415 | D:6      | Found a basalt altar of Yredelemnul.
  5426 | D:6      | Found a broken altar of Ashenzari.
  5441 | D:6      | Found a glowing golden altar of the Shining One.
  5478 | D:6      | Gained mutation: You have a pair of large horns on your
                  | head. [potion of mutation]
  5478 | D:6      | Gained mutation: Your muscles are strong. (Str +4, Int/Dex
                  | -1) [potion of mutation]
  5482 | D:6      | Reached skill level 8 in Fighting
  5580 | D:6      | Reached XP level 8. HP: 13/75 MP: 4/10
  5855 | D:7      | Reached skill level 5 in Invocations
  5860 | D:7      | Reached skill level 9 in Fighting
  6421 | D:8      | Found a transporter.
  6422 | D:8      | Noticed randomguy2701's ghost (novice HOFi)
  6436 | D:8      | Found a transporter.
  6437 | D:8      | Noticed a troll
  6514 | D:8      | Reached XP level 9. HP: 32/85 MP: 12/12
  6594 | D:8      | Reached skill level 10 in Fighting
  7284 | D:8      | Reached skill level 11 in Fighting
  7379 | D:8      | Found a stormy altar of Qazlal.
  7380 | D:8      | Found an opulent altar of Gozag.
  7381 | D:8      | Found an iron altar of Okawaru.
  7382 | D:8      | Found a bloodstained altar of Trog.
  7627 | D:9      | Reached XP level 10. HP: 78/96 MP: 14/14
  7843 | D:9      | Noticed Erolcha
  7848 | Abyss:1  | Cast into level 1 of the Abyss (Erolcha)
  7920 | Abyss:1  | Found a corrupted altar of Lugonu.
  7924 | Abyss:1  | Fell from the grace of Elyvilon
  7924 | Abyss:1  | Became a worshipper of Lugonu the Unformed
  7924 | Abyss:1  | Reached * piety under Lugonu
  7924 | Abyss:1  | Reached ** piety under Lugonu
  8000 | D:9      | Escaped the Abyss
  8091 | D:9      | Noticed a +0 hand axe
  8091 | D:9      | Noticed a +0 hand axe
  8091 | D:9      | Found a hide-covered altar of Uskayaw.
  8151 | D:9      | Found Tiusse's Jewellery Boutique.
  8192 | D:9      | Paralysed by a hornet for 3 turns
  8290 | D:9      | Reached skill level 12 in Fighting
  8290 | D:9      | Reached skill level 10 in Maces & Flails
  8346 | Abyss:1  | Found a corrupted altar of Lugonu.
  8346 | Abyss:1  | Cast into level 1 of the Abyss (Erolcha)
  8347 | D:9      | Escaped the Abyss
  8356 | D:9      | Killed Erolcha
  8946 | D:9      | Found a staircase to the Lair.
  9362 | Lair:1   | Entered Level 1 of the Lair of Beasts
  9362 | Lair:1   | Noticed Erica
  9383 | Lair:1   | Killed Erica
  9479 | Lair:1   | Noticed an elephant
  9479 | Lair:1   | Noticed an elephant
  9485 | Lair:1   | Reached XP level 11. HP: 92/106 MP: 16/16
  9493 | Lair:1   | Reached skill level 13 in Fighting
 10082 | Lair:1   | Noticed Amaemon
 10148 | Lair:1   | Reached skill level 10 in Invocations
 10617 | Lair:1   | Killed Amaemon
 10618 | Lair:1   | Was forgiven by Elyvilon
 10626 | Lair:1   | Reached skill level 14 in Fighting
 10713 | Lair:2   | Reached skill level 1 in Armour
 11187 | Lair:1   | Reached XP level 12. HP: 106/118 MP: 19/19
 11831 | Lair:2   | Found a hole to the Spider Nest.
 12147 | Lair:3   | Reached skill level 5 in Armour
 12239 | Lair:3   | Identified the +0 buckler of Mesuyzaa {rN+ rCorr Str-2}
 12320 | Lair:3   | Reached skill level 15 in Fighting
 12544 | Lair:3   | Noticed a seven-headed hydra
 12545 | Lair:3   | Banished a seven-headed hydra
 13231 | Lair:4   | Found a transporter.
 13308 | Lair:4   | Found a transporter.
 13387 | Lair:4   | Noticed Josephine
 13462 | Lair:4   | Killed Josephine
 13785 | Lair:4   | Reached *** piety under Lugonu
 14049 | Lair:5   | Entered Level 5 of the Lair of Beasts
 14075 | Lair:5   | Reached skill level 16 in Fighting
 14087 | Lair:5   | Reached XP level 13. HP: 70/128 MP: 21/21
 14164 | Lair:5   | Found a staircase to the Slime Pits.
 14873 | D:10     | Entered Level 10 of the Dungeon
 15146 | D:10     | Noticed Maggie
 15156 | D:10     | Killed Maggie
 15379 | D:10     | Noticed Nergalle
 15399 | D:10     | Killed Nergalle
 15921 | D:11     | Found a frozen archway.
 15932 | IceCv    | Entered an ice cave
 15955 | IceCv    | Reached **** piety under Lugonu
 16046 | IceCv    | Found a transporter.
 16092 | IceCv    | Found a transporter.
 16264 | D:11     | Reached skill level 10 in Armour
 16714 | D:12     | Reached skill level 17 in Fighting
 17029 | D:12     | Found a staircase to the Orcish Mines.
 18100 | D:13     | Found the +6 lightning scales {swift, rElec}
 18105 | D:13     | Found a transporter.
 18133 | D:13     | Corrupted D:13
 18133 | D:13     | Noticed a green death
 18133 | D:13     | Noticed a red very ugly thing
 18133 | D:13     | Noticed a tentacled starspawn
 18199 | D:13     | Noticed a fire dragon
 18211 | D:13     | Killed a fire dragon
 18222 | D:13     | Found a transporter.
 18327 | D:13     | Found a gate to the Vaults.
 18894 | D:14     | Reached XP level 14. HP: 124/140 MP: 23/23
 19747 | D:15     | Entered Level 15 of the Dungeon
 19749 | D:15     | Found a gate leading to a gauntlet.
 19758 | Gauntlet | Entered a Gauntlet
 19758 | Gauntlet | Found a large runed translucent door.
 19758 | Gauntlet | Found a large runed translucent door.
 19758 | Gauntlet | Found a large runed translucent door.
 19758 | Gauntlet | Found a large runed translucent door.
 19758 | Gauntlet | Found a large runed translucent door.
 19758 | Gauntlet | Found a large runed translucent door.
 19758 | Gauntlet | Found a transporter.
 19758 | Gauntlet | Found a large runed translucent door.
 19758 | Gauntlet | Found a large runed translucent door.
 19758 | Gauntlet | Found a runed translucent door.
 19758 | Gauntlet | Found a runed translucent gate.
 19758 | Gauntlet | Found a runed translucent gate.
 19758 | Gauntlet | Found a transporter.
 19758 | Gauntlet | Found a transporter.
 19771 | Gauntlet | Found a transporter.
 19773 | Gauntlet | Found a transporter.
 19781 | Gauntlet | Found a transporter.
 19786 | Gauntlet | Found a transporter.
 19794 | Gauntlet | Found a transporter.
 19812 | Gauntlet | Found a transporter.
 19834 | Gauntlet | Found a transporter.
 19834 | Gauntlet | Found a transporter.
 19844 | Gauntlet | Found a transporter.
 19848 | Gauntlet | Found a runed translucent gate.
 19849 | Gauntlet | Found a large runed translucent door.
 19849 | Gauntlet | Found a large runed translucent door.
 19850 | Gauntlet | Found a large runed translucent door.
 19851 | Gauntlet | Found a large runed translucent door.
 19852 | Gauntlet | Found a large runed translucent door.
 19852 | Gauntlet | Found a large runed translucent door.
 19852 | Gauntlet | Found a runed translucent door.
 19853 | Gauntlet | Found a large runed translucent door.
 19854 | Gauntlet | Found a large runed translucent door.
 19917 | Gauntlet | Corrupted Gauntlet
 20034 | Gauntlet | Noticed a tentacled starspawn
 20383 | Gauntlet | Reached skill level 18 in Fighting
 20533 | Gauntlet | Identified the ring "Tado" {Drain Fly rPois rC+ Int+6}
 20535 | Gauntlet | Identified the ring "Vefryer" {rPois rF+ Will+}
 20612 | D:15     | Found a radiant altar of Vehumet.
 20963 | D:15     | HP: 5/144 [enormous slime creature (55)]
 20965 | D:15     | Demolished by an enormous slime creature

Illustrated notes

Levels and vault maps discovered:
D:1:      lightli_arrival_quake, layout_basic, kennysheep_boxes
D:2:      layout_basic, basic_altar
D:3:      cheibrodos_old_hovel, layout_loops_corners, supply_closet_lemuel,
          uniq_pargi, uniq_terence, uniq_robin
D:4:      layout_gridville, minmay_temple_entry_stoned_glass,
          minmay_misc_feat_doors, minivault_23, grunt_ministairs_4,
          amcnicky_mini_corridor_feature
D:5:      layout_loops_ring, kennysheep_opposing_triangles
D:6:      layout_cave_pools, nzn_wu_jian_council_hall, tso_altar, minitemple
D:7:      layout_rooms, hangedman_decor_riveting
D:8:      layout_loops_cross, mainiacjoe_overflow_alcove_3,
          gammafunk_ghost_arena
D:9:      layout_layer_cave, dancing_weapons_uskayaw, erik_lair_island,
          nicolae_wooded_promenade, uniq_erolcha
D:10:     layout_irregular_city, nicolae_twisting_strands, uniq_nergalle,
          uniq_maggie
D:11:     layout_basic, portal_ice_cave_entry_pillars_2
D:12:     layout_grid_maze, orc_0_dummy
D:13:     gammafunk_the_bubble [the_bubble_gammafunk_grid], layout_layer_cave,
          lightli_vaults_fourway_checkpoint
D:14:     layout_loops_ring, dreamdust_princess_bridge
D:15:     gammafunk_enter_depths_forms, layout_basic, nicolae_vehumet_radiance,
          gauntlet_entry_generic, hangedman_decor_peaks_small
Temple:   nicolae_temple_ecumenical_triangle
Lair:1:   layout_roguey, wad_woods_road_04, uniq_amaemon, uniq_erica
Lair:2:   layout_gridlike, hellmonk_spider_entry_life_and_decay,
          minmay_lair_oklob_items, minmay_holes, minivault_27,
          nicolae_quartered_pool_medium, beast_lair_carwin_11
Lair:3:   layout_chaotic_city, nicolae_shoals_entry_flooding
Lair:4:   gammafunk_cloud_chamber, layout_small_grid, uniq_josephine
Lair:5:   guppyfry_lair_end_dragon, layout_cellular_growth,
          hangedman_lair_in_review, slime_entry_1

Skill      XL: |  1  2  3  4  5  6  7  8  9 10 11 12 13 14 |
---------------+-------------------------------------------+-----
Fighting       | 2 3 4 5 6 8 9 11 12 14 16 17 18 | 18.4
Maces & Flails | 1 3 4 5 7 9 11 12 | 12.2
Invocations    | 1 4 5 7 9 10 12 13 14 | 14.6
Armour         | 3 8 11 12 | 12.5
Dodging        | |  2.1
Stealth        | |  1.5
Spellcasting   | |  1.3
Conjurations   | |  2.9

Action                     |  1- 3 |  4- 6 |  7- 9 | 10-12 | 13-15 || total
---------------------------+-------+-------+-------+-------+-------++-------
  Melee: Unarmed           |    18 |       |       |       |       ||    18
         Headbutt          |    12 |    34 |    78 |   161 |   257 ||   542
         Whip              |    39 |   183 |   150 |       |       ||   372
         Punch             |       |       |     2 |     9 |    10 ||    21
         Dire flail        |       |       |   227 |    67 |       ||   294
         Morningstar       |       |       |       |   191 |       ||   191
         Demon whip        |       |       |       |   389 |   878 ||  1267
   Cast: Magic Dart        |    41 |    23 |       |       |       ||    64
         Searing Ray       |     2 |     2 |       |     1 |       ||     5
 Invoke: Heal Other        |       |       |     5 |     6 |       ||    11
         Depart the Abyss  |       |       |       |     2 |       ||     2
         Banish            |       |       |       |     2 |     3 ||     5
         Corrupt           |       |       |       |       |     2 ||     2
  Evoke: Wand              |       |       |       |    20 |       ||    20
    Use: Scroll            |     6 |     3 |     6 |     4 |    10 ||    29
         Potion            |       |     5 |     3 |     8 |     8 ||    24
 Armour: Robe              |    23 |       |       |       |       ||    23
         Ring mail         |    18 |   120 |   131 |       |       ||   269
         Scale mail        |       |       |   194 |   433 |   162 ||   789
         Skin              |       |       |       |    45 |       ||    45
         Crystal plate arm |       |       |       |       |   741 ||   741
  Dodge: Dodged            |    39 |    71 |   189 |   245 |   371 ||   915

Table legend: (Time is in decaauts)
 A = Elapsed time spent in this place.
 B = Non-inter-level travel time spent in this place.
 C = Inter-level travel time spent in this place.
 D = Time resting spent in this place.
 E = Time spent auto-exploring this place.
 F = Levels seen in this place.
 G = Mean time per level.
                   A        B        C        D        E       F      G
               +--------+--------+--------+--------+--------+-----+--------+
         Total |  20318 |  19166 |   1152 |    716 |  14093 |  25 |  812.7 |
       Dungeon |  14101 |  13374 |    727 |    496 |  10101 |  15 |  940.1 |
        Temple |     69 |     65 |      4 |      0 |     44 |   1 |   69.0 |
          Lair |   5137 |   4717 |    420 |    211 |   3471 |   5 | 1027.4 |
         Abyss |    148 |    148 |      0 |      0 |    111 |   2 |   74.0 |
      Ice Cave |    161 |    161 |      0 |      0 |     87 |   1 |  161.0 |
      Gauntlet |    700 |    700 |      0 |      9 |    279 |   1 |  700.0 |
               +--------+--------+--------+--------+--------+-----+--------+

Top non-repeatable levels by time:
  Lair:1: 1497 daAuts
     D:9: 1452 daAuts
     D:1: 1424 daAuts
     D:8: 1381 daAuts
  Lair:4: 1370 daAuts
    D:12: 1301 daAuts
  Lair:2: 1178 daAuts
     D:4: 985 daAuts
  Lair:3: 903 daAuts
     D:3: 899 daAuts
    D:10: 876 daAuts
     D:2: 855 daAuts
    D:13: 847 daAuts
    D:14: 810 daAuts
     D:6: 806 daAuts
